 Dungeon Crawl Stone Soup version 0.20.1-1-g8b1a95d (webtiles) character file.

75 tidbits the Charmwright (level 3, -8/29 HPs)
             Began as a Demigod Wanderer on Aug 22, 2017.
             Killed from afar by an orc wizard (9 damage)
             ... with a magic dart
             ... on level 3 of the Dungeon.
             The game lasted 00:06:42 (622 turns).

tidbits the Charmwright (Demigod Wanderer)           Turns: 622, Time: 00:06:43

Health: -8/29      AC:  2    Str: 12 (13) XL:     3   Next: 88%
Magic:  3/6        EV: 12    Int: 16 (17) God:
Gold:   74         SH:  0    Dex: 16 (18) Spells: 0/4 levels left

rFire    . . .     SeeInvis .   c - +0 spear
rCold    . . .     Gourm    .   (no shield)
rNeg     + . .     Faith    .   d - +0 robe
rPois    .         Spirit   .   (no helmet)
rElec    .         Reflect  .   (no cloak)
rCorr    .         Harm     .   (no gloves)
MR       .....                  (no boots)
Stlth    +.........             (no amulet)
Regen    0.1/turn               e - ring of positive energy
MPRegen  0.1/turn               (no ring)

@: infused (expiring)
A: high mp 1
a: no special abilities


You were on level 3 of the Dungeon.
You were not hungry.

You visited 1 branch of the dungeon, and saw 3 of its levels.

You collected 74 gold pieces.

Inventory:

Hand Weapons
 c - a +0 spear (weapon)
Missiles
 g - 23 arrows
Armour
 d - a +0 robe (worn)
Jewellery
 e - a ring of positive energy (left hand)
   (You found it on level 1 of the Dungeon)
Scrolls
 h - 2 scrolls of remove curse {unknown}
 j - a scroll of blinking {unknown}
Potions
 b - a potion of curing
 k - a potion of magic {unknown}
Books
 a - a book of Battle

   Spells                             Type                      Level
   a - Infusion                       Charms                       1
   b - Shroud of Golubria             Charms/Translocation         2
   c - Song of Slaying                Charms                       2
   d - Spectral Weapon                Hexes/Charms                 3
   e - Regeneration                   Charms/Necromancy            3
Comestibles
 f - 2 bread rations
 i - a meat ration


   Skills:
 - Level 1.7 Fighting
 - Level 1.0 Polearms
 - Level 1.7 Dodging
   Level 1.7 Shields
 - Level 1.0 Spellcasting
 + Level 4.0 Charms


You couldn't memorise any spells.
You knew the following spells:

 Your Spells              Type           Power        Failure   Level  Hunger
i - Infusion              Chrm           ##..         4%          1    ##.....
r - Regeneration          Chrm/Necr      #.........   30%         3    ####...


Dungeon Overview and Level Annotations

Branches:
Dungeon (3/15)


Innate Abilities, Weirdness & Mutations

You have an increased reservoir of magic. (+10% MP)


Message History

Your skin is crawling a little less now.
Your skin stops crawling.
Found a scroll labeled ILURCHO JUAC.
A hobgoblin comes into view. It is wielding a club.
The hobgoblin shouts!
Found a stone staircase leading down.
Casting: Regeneration
Confirm with . or Enter, or press ? or * to list all spells.
You begin infusing your attacks with magical energy.
Attack whom?
Press: ? - help, Dir - move target cursor, f - hobgoblin
Aim: a hobgoblin, wielding a club You reach to attack!
You hit the hobgoblin.
You kill the hobgoblin!
Found a cyan potion.
Found 13 gold pieces.
j - a scroll labeled ILURCHO JUAC
Things that are here:
a club; a hobgoblin corpse
k - a cyan potion
Found 8 gold pieces.
Your magical infusion is running out.
You now have 74 gold pieces (gained 13).
There is a stone staircase leading down here.
You are no longer magically infusing your attacks.
Found a stone staircase leading up.
There is a stone staircase leading up here.
You climb upwards.
There is a stone staircase leading down here.
A bat comes into view.
Found 22 stones.
There is a stone staircase leading down here.
You climb downwards.
There is a stone staircase leading up here.
HP restored.
There is a stone staircase leading down here.
You climb downwards.
There is a stone staircase leading up here.
The orc appears out of thin air!
An orc comes into view. It is wielding a hand axe.
Attack whom?
Press: ? - help, Dir - move target cursor, f - orc
Aim: an orc, wielding a hand axe You reach to attack!
You barely miss the orc. You hit the orc.
The orc is heavily wounded.
The orc closely misses you.
You hit the orc.
You kill the orc!
Things that are here:
a hand axe; a scroll labeled MIKENE AGUHU
As you read the scroll labeled MIKENE AGUHU, it crumbles to dust.
It is a scroll of recharging.
You aren't carrying any rechargeable items.
Casting: Infusion
Confirm with . or Enter, or press ? or * to list all spells.
You begin infusing your attacks with magical energy.
You barely miss the orc wizard.
The orc wizard mumbles some strange words.
The orc wizard seems to speed up.
You barely miss the orc wizard. The orc wizard closely misses you.
The orc wizard gestures at you while chanting.
The puff of frost hits you!
You hit the orc wizard.
The orc wizard is moderately wounded.
The orc hits you but does no damage. The orc wizard closely misses you.
The orc wizard hits you with a dagger.
You closely miss the orc wizard.
The orc wizard is moderately wounded.
The orc wizard completely misses you. The orc barely misses you.
You hit the orc wizard.
The orc wizard is moderately wounded.
The orc wizard looks encouraged for a moment.
The orc closely misses you.
You barely miss the orc wizard.
The orc wizard is moderately wounded.
The orc wizard hits you with a dagger.
* * * LOW HITPOINT WARNING * * *
The orc wizard casts a spell at you. The magic dart hits you!
* * * LOW HITPOINT WARNING * * *
The orc wizard miscasts a cantrip.
You hit the orc wizard.
The orc wizard is heavily wounded.
The orc closely misses you. The orc wizard hits you with a dagger.
* * * LOW HITPOINT WARNING * * *
You closely miss the orc wizard.
The orc wizard is heavily wounded.
The orc wizard closely misses you.
You hit the orc wizard.
The orc wizard is almost dead.
The orc wizard hits you with a dagger.
* * * LOW HITPOINT WARNING * * *
You barely miss the orc wizard.
The orc wizard is almost dead.
Your magical infusion is running out.
The orc wizard barely misses you. The orc completely misses you.
The orc wizard casts a spell at you. The magic dart hits you!
You die...

.#.##........†.....#..o....#.#
##...........................#.#
####.###.#.######.#...........#
#.# #.#.# #........#.#### #.#
#.#.######.......## # #####.#
#.#.##..<.......## ......#
#.#......#......# #####.#
#.####.#o#......# #.# #
#..@o.##.###
..###.####.###.#.#.# ...%.....#
#..# #.. .###. .........###.#.#
## ..... #######....).##.# .####
#..........# .# ##.######### ##
###


You could see an orc wizard and an orc.

Vanquished Creatures
  Terence (D:2)
  2 adders (D:2)
  An ooze (D:1)
  A worm (D:2)
  A dart slug (D:2)
  2 leopard geckos (D:2)
  An orc (D:3)
  A ball python (D:2)
  3 bats
  A giant cockroach (D:3)
  2 hobgoblins (D:2)
  2 frilled lizards
  2 goblins (D:2)
  2 rats
22 creatures vanquished.

Notes
Turn   | Place    | Note
-------+----------+-------------------------------------------
     0 | D:1      | tidbits the Demigod Wanderer began the quest for the Orb.
     0 | D:1      | tidbits set off with: a book of Battle, a potion of curing, a +0 spear, a +0 robe, a bread ration
     0 | D:1      | Reached XP level 1. HP: 17/17 MP: 4/4
     2 | D:1      | Learned a level 1 spell: Infusion
    30 | D:1      | Reached skill level 2 in Charms
    72 | D:2      | Reached XP level 2. HP: 12/24 MP: 0/5
   291 | D:2      | Noticed Terence
   294 | D:2      | Reached skill level 3 in Charms
   388 | D:2      | Killed Terence
   388 | D:2      | Reached XP level 3. HP: 29/29 MP: 1/6
   489 | D:2      | Reached skill level 4 in Charms
   501 | D:2      | Learned a level 3 spell: Regeneration
   617 | D:3      | HP: 2/29 [orc wizard/dagger (1)]
   622 | D:3      | Killed from afar by an orc wizard

Skill      XL: |  1  2  3 |
---------------+----------+-----
Charms         | 2 3 4 |  4.0
Fighting       | |  1.7
Polearms       | |  1.0
Dodging        | |  1.7
Shields        | |  1.7
Spellcasting   | |  1.0

Action                   || total
-------------------------++-------
Melee: Spear             ||    77
       Unarmed           ||     8
 Cast: Infusion          ||    10
       Regeneration      ||     1
  Use: Potion            ||     3
       Scroll            ||     1
 Stab: Sleeping          ||     3
Armor: Robe              ||    10
       Skin              ||    12
Dodge: Dodged            ||    33

Table legend:
 A = Turns spent in this place as a percentage of turns spent in the entire game.
 B = Non-inter-level travel turns spent in this place as a percentage of non-inter-level travel turns spent in the entire game.
 C = Inter-level travel turns spent in this place as a percentage of turns spent in this place.
 D = Turns resting spent in this place as a percentage of non-inter-level travel turns spent in this place.
 E = Turns spent auto-exploring this place as a percentage of non-inter-level travel turns spent in this place.
 F = Non-inter-level travel turns spent in this place divided by the number of levels of this place that you've seen.
                   A       B       C       D       E      F
               +-------+-------+-------+-------+-------+----------------------
         Total | 100.0 | 100.0 |   0.2 |   0.0 |   0.0 | 197.3
       Dungeon | 100.0 | 100.0 |   0.2 |   0.0 |   0.0 | 197.3
               +-------+-------+-------+-------+-------+----------------------

Table legend:
 A = Kills in this place as a percentage of kills in entire the game.
 B = Kills by you in this place as a percentage of kills by you in the entire game.
 C = Kills by friends in this place as a percentage of kills by friends in the entire game.
 D = Other kills in this place as a percentage of other kills in the entire game.
 E = Experience gained in this place as a percentage of experience gained in the entire game.
 F = Experience gained in this place divided by the number of levels of this place that you have seen.
                   A       B       C       D       E      F
               +-------+-------+-------+-------+-------+----------------------
         Total | 100.0 | 100.0 |  -nan |  -nan | 100.0 |  36.0
       Dungeon | 100.0 | 100.0 |  -nan |  -nan | 100.0 |  36.0
               +-------+-------+-------+-------+-------+----------------------

Vault maps used:
D:1:      roderic_chinese_lattice_arrival
D:2:      uniq_terence
D:3:      first_bread, lexackson_kobold_supper
